cohdb
Replays
Latest Replays
All Replays
Popular Replays
Top Player Replays
Match Explorer
How It Works
Community
CoH3 Stats
Reddit
Sign in to upload your games and track your stats! →
Sign in with Steam
Match 43440773
Unlisted
Match 43440773
Overview
Messages
Build Orders
End
Construct Section Command Post
Royal Engineer Section
Selects Canadian Shock Battlegroup
Dingo Light Scout Car
Infantry Section
Infantry Section
Selects Attacking Spirit
Selects Canadian Shock Section
Construct Platoon Command Post
CMP 15cwt Truck
Infantry Training
Canadian Shock Section
Selects Incendiary Munitions
Construct Company Command Post
Crusader II Medium Tank
Canadian Shock Section
Selects Pyrotechnics
Selects Demolition Engineering
Crusader II Medium Tank
Crusader II Medium Tank
Selects Smoke Operation
Crusader II Medium Tank
Crusader II Medium Tank
Smoke Operation
Crusader II Medium Tank
Crusader II Medium Tank
Smoke Operation
Demolition Engineering
Crusader II Medium Tank
豪师傅
RUKAclDCッ
Symbiosis
*Mule
0
0
Comments
sign in to comment!
No comments posted yet!